Connexion

Griffins vs Marlies

Created - 13 novembre 2023 at 05:45

Goals
1 2 3 OT1 T
Griffins 2 2 1 1 6
Marlies 1 2 2 0 5
Shots
1 2 3 OT1 T
Griffins 13 13 13 4 43
Marlies 12 12 13 0 37

GoalsPenalties
1st period
1. Marlies , Loui Eriksson 16 (Tyler Lewington 14, Tim Schaller 19) at 1:16
2. Griffins , Nick Merkley 13 (Jake Walman 13, Jack Ahcan 15) at 10:58 (PP)
3. Griffins , Tyler Benson 9 (Marc McLaughlin 22, Fillip Zadina 30) at 19:42
Ian McCoshen (TOR) for Holding (Minor) at 10:04
Dylan Coghlan (GRG) for Hooking (Minor) at 11:20
2nd period
4. Griffins , Adam Brooks 5 (A.J. Greer 9, Alexander Volkov 4) at 8:27
5. Griffins , Adam Brooks 6 (Alexander Volkov 5, Jake Walman 14) at 9:32
6. Marlies , Max McCormick 17 (Dominik Simon 20, Ian McCoshen 12) at 11:28
7. Marlies , Calvin De Haan 6 (Ian McCoshen 13, Max McCormick 21) at 12:30
Parker Wotherspoon (GRG) for Slashing (Minor) at 6:15
3rd period
8. Marlies , Dominik Simon 18 (Max McCormick 22, Calvin De Haan 26) at 0:30
9. Griffins , Adam Brooks 7 (A.J. Greer 10, Jake Dotchin 3) at 9:08
10. Marlies , Cal O'Reilly 22 (Tim Schaller 20, Josh Wesley 13) at 9:59
Jake Dotchin (GRG) for Hooking (Minor) at 6:53
Overtime #1
11. Griffins , Teddy Blueger 6 (Jacob Larsson 27) at 2:30
No Penalty
Goalie Stats
Justus Annunen (GRG), 32 saves from 37 shots - (0,865), W, 16-11-4, 62:31 minutes
Daniel Mannella (TOR), 23 saves from 25 shots - (0,920), OTL, 9-8-3, 32:59 minutes
Erik Kallgren (TOR), 14 saves from 18 shots - (0,778), 29:32 minutes
3 StarsOfficial
1 - Adam Brooks (GRG)
2 - Max McCormick (TOR)
3 - Dominik Simon (TOR)
Referees : Kelly Sutherland and Chris Lee
Linesman : David Brisebois and Tim Nowak
Game Note
Daniel Mannella enters game at 9:32 of 2nd period
Adam Brooks has scored a Hat Trick!
Finance
Level 1 -- Attendance: 2000 (100,00%) -- Ticket Income 40 000 $
Level 2 -- Attendance: 919 (91,90%) -- Ticket Income 13 785 $
Total Attendance: 2919 (97,30%)
Total Ticket Income: 53 785 $
Other Income: 10 757 $
Total Income: 64 542 $



Team Name Goals Shots Shots Attemp Shots Blocked PIM HIT PP PK FO%
Griffins 64371126271 / 1 (100%)049%
Marlies 53777102250 / 3 (0%)151%

Griffins
Player Name POS G A P +/- PIM HIT SHT SB MP PP MP PP SHT PK MP PK SHT FO% FOT
A.J. GreerLW0221023014:220:0000:32050% 2
Adam BrooksC3031007013:500:0000:00018% 17
Alexander VolkovLW/RW0221032013:500:0000:000100% 2
Dylan CoghlanD000-1250222:350:2001:4100% 0
Fillip ZadinaRW011-1027024:440:2003:43029% 7
Jack AhcanD011-1022222:210:3403:0300% 0
Jacob LarssonD0112002015:020:0000:2400% 0
Jake DotchinD0111221117:190:0001:4700% 0
Jake WalmanD022-1011022:210:3403:0300% 0
Jonathan DahlenLW000000002:330:0000:3200% 0
Marc McLaughlinC011-1024219:260:2001:42066% 29
Nick MerkleyRW101-1024220:290:3411:4200% 2
Otto KoivulaC/LW000-1052118:470:3400:000100% 1
Parker WotherspoonD000-1210122:500:2001:5600% 0
Sasha ChmelevskiC/RW000-1003119:290:3410:00054% 26
Shane GersichC/LW000100205:120:0000:0000% 1
Teddy BluegerC/LW101100104:560:0000:00060% 10
Tyler BensonLW101-1002021:270:2003:43033% 3
Marlies
Player Name POS G A P +/- PIM HIT SHT SB MP PP MP PP SHT PK MP PK SHT FO% FOT
Brad Malone C/LW0002054025:203:0000:54157% 21
Cal O'ReillyC1010004022:082:5700:00050% 24
Calle SjalinD000-2000314:590:0000:4800% 0
Calvin De HaanD1121044125:262:4220:4800% 0
Dominik SimonC/LW/RW1123014115:243:0020:00080% 5
Ian McCoshenD0220224125:252:4200:0000% 0
Josh WesleyD0112010020:233:1500:0600% 0
Kristian VesalainenLW/RW000-1001011:520:0000:0000% 0
Loui ErikssonLW/RW1010012022:082:5700:0000% 1
Mathias Brome LW000-1002111:250:0000:0000% 1
Max McCormickC/LW1232015125:213:0000:54033% 3
Mitchell HeardC000-1011011:250:0000:00044% 18
Skyler McKenzieLW000-100000:480:0000:0000% 0
Tim McGauleyC000000102:300:0000:000100% 1
Tim SchallerC/LW/RW022-1013023:552:5700:00050% 4
Tyler LewingtonD0112060122:063:1500:0600% 0
Victor EjdsellC000-1001111:520:0000:00050% 22
Yegor RykovD000-2021014:110:0000:0000% 0



Play-by-Play

1st period


0:01 of 1st period - Marc McLaughlin wins face-off versus Brad Malone in neutral zone.
0:09 of 1st period - Tyler Benson is hit by Dominik Simon and loses puck.
0:27 of 1st period - Tyler Benson is hit by Brad Malone .
0:37 of 1st period - Shot by Tyler Benson.
0:37 of 1st period - Shot Blocked by Ian McCoshen.
0:52 of 1st period - Icing by Calvin De Haan.
0:53 of 1st period - Otto Koivula wins face-off versus Brad Malone in Marlies zone.
0:53 of 1st period - Nick Merkley is hit by Calvin De Haan and loses puck.
1:04 of 1st period - Shot by Sasha Chmelevski.
1:04 of 1st period - Shot Blocked by Dominik Simon.
1:06 of 1st period - Shot by Nick Merkley.
1:06 of 1st period - Stopped by Erik Kallgren without a rebound.
1:07 of 1st period - Cal O'Reilly wins face-off versus Adam Brooks in Marlies zone.
1:16 of 1st period - Shot by Loui Eriksson.
1:16 of 1st period - Goal by Loui Eriksson - Griffins : 0 - Marlies : 1.
1:17 of 1st period - Sasha Chmelevski wins face-off versus Cal O'Reilly in neutral zone.
1:38 of 1st period - Shot by Cal O'Reilly.
1:38 of 1st period - Stopped by Justus Annunen without a rebound.
1:39 of 1st period - Teddy Blueger wins face-off versus Victor Ejdsell in Griffins zone.
1:39 of 1st period - Teddy Blueger is hit by Brad Malone .
1:48 of 1st period - Icing by Shane Gersich.
1:49 of 1st period - Teddy Blueger wins face-off versus Max McCormick in Griffins zone.
1:49 of 1st period - Teddy Blueger is hit by Max McCormick.
2:27 of 1st period - Shot by Teddy Blueger.
2:27 of 1st period - Deflect By Fillip Zadina.
2:27 of 1st period - Stopped by Erik Kallgren with a rebound.
2:29 of 1st period - Shot by Dylan Coghlan.
2:29 of 1st period - Shot Blocked by Tyler Lewington.
2:39 of 1st period - Shot by A.J. Greer.
2:39 of 1st period - Stopped by Erik Kallgren without a rebound.
2:40 of 1st period - Victor Ejdsell wins face-off versus Adam Brooks in Marlies zone.
3:00 of 1st period - Adam Brooks is hit by Ian McCoshen and loses puck.
3:09 of 1st period - Shot by Adam Brooks.
3:09 of 1st period - Stopped by Erik Kallgren without a rebound.
3:10 of 1st period - Sasha Chmelevski wins face-off versus Cal O'Reilly in Marlies zone.
3:24 of 1st period - Shot by Sasha Chmelevski.
3:24 of 1st period - Stopped by Erik Kallgren without a rebound.
3:25 of 1st period - Brad Malone wins face-off versus Tyler Benson in Marlies zone.
3:30 of 1st period - Shot by Max McCormick.
3:30 of 1st period - Deflect By Brad Malone .
3:30 of 1st period - Shot Misses the Net.
3:35 of 1st period - Dominik Simon is hit by Parker Wotherspoon and loses puck.
3:40 of 1st period - Shot by Max McCormick.
3:40 of 1st period - Shot Blocked by Parker Wotherspoon.
3:42 of 1st period - Shot by Dominik Simon.
3:42 of 1st period - Shot Misses the Net.
3:44 of 1st period - Shot by Calvin De Haan.
3:44 of 1st period - Shot Blocked by Marc McLaughlin.
3:46 of 1st period - Shot by Max McCormick.
3:46 of 1st period - Shot Misses the Net.
4:02 of 1st period - Shot by Ian McCoshen.
4:02 of 1st period - Stopped by Justus Annunen without a rebound.
4:03 of 1st period - Sasha Chmelevski wins face-off versus Loui Eriksson in Griffins zone.
4:35 of 1st period - Shot by Tim Schaller.
4:35 of 1st period - Shot Misses the Net.
4:37 of 1st period - Shot by Cal O'Reilly.
4:37 of 1st period - Shot Misses the Net.
4:50 of 1st period - Icing by Jake Walman.
4:51 of 1st period - Mitchell Heard wins face-off versus Sasha Chmelevski in Griffins zone.
4:56 of 1st period - Shot by Max McCormick.
4:56 of 1st period - Shot Misses the Net.
5:00 of 1st period - Shot by Mitchell Heard.
5:00 of 1st period - Stopped by Justus Annunen without a rebound.
5:01 of 1st period - Marc McLaughlin wins face-off versus Victor Ejdsell in Griffins zone.
5:06 of 1st period - Shot by Tyler Benson.
5:06 of 1st period - Shot Blocked by Victor Ejdsell.
5:21 of 1st period - Icing by Ian McCoshen.
5:22 of 1st period - Adam Brooks wins face-off versus Victor Ejdsell in Marlies zone.
5:22 of 1st period - A.J. Greer is hit by Calvin De Haan and loses puck.
5:26 of 1st period - Icing by Ian McCoshen.
5:27 of 1st period - Victor Ejdsell wins face-off versus Adam Brooks in Marlies zone.
5:35 of 1st period - Calvin De Haan is hit by Jake Dotchin and loses puck.
5:46 of 1st period - Shot by Victor Ejdsell.
5:46 of 1st period - Stopped by Justus Annunen with a rebound.
6:58 of 1st period - Shot by Tyler Benson.
6:58 of 1st period - Shot Blocked by Calle Sjalin.
7:24 of 1st period - Shot by Max McCormick.
7:24 of 1st period - Stopped by Justus Annunen without a rebound.
7:25 of 1st period - Victor Ejdsell wins face-off versus Sasha Chmelevski in Griffins zone.
8:00 of 1st period - Shot by Victor Ejdsell.
8:00 of 1st period - Shot Misses the Net.
8:55 of 1st period - Icing by Josh Wesley.
8:56 of 1st period - Marc McLaughlin wins face-off versus Tim Schaller in Marlies zone.
8:56 of 1st period - Tyler Benson is hit by Tyler Lewington and loses puck.
9:00 of 1st period - Icing by Tyler Lewington.
9:01 of 1st period - Marc McLaughlin wins face-off versus Cal O'Reilly in Marlies zone.
9:08 of 1st period - Shot by Marc McLaughlin.
9:08 of 1st period - Stopped by Erik Kallgren without a rebound.
9:09 of 1st period - Dominik Simon wins face-off versus Marc McLaughlin in Marlies zone.
9:16 of 1st period - Dylan Coghlan is hit by Brad Malone and loses puck.
9:35 of 1st period - Shot by Ian McCoshen.
9:35 of 1st period - Stopped by Justus Annunen without a rebound.
9:36 of 1st period - Cal O'Reilly wins face-off versus Adam Brooks in Griffins zone.
9:50 of 1st period - Icing by Jake Dotchin.
9:51 of 1st period - Victor Ejdsell wins face-off versus Adam Brooks in Griffins zone.
10:04 of 1st period - Minor Penalty to Ian McCoshen for Holding.
10:05 of 1st period - Brad Malone wins face-off versus Marc McLaughlin in Marlies zone.
10:24 of 1st period - Shot by Brad Malone .
10:24 of 1st period - Stopped by Justus Annunen without a rebound.
10:25 of 1st period - Sasha Chmelevski wins face-off versus Max McCormick in Griffins zone.
10:29 of 1st period - Jack Ahcan is hit by Calvin De Haan and loses puck.
10:44 of 1st period - Shot by Sasha Chmelevski.
10:44 of 1st period - Stopped by Erik Kallgren with a rebound.
10:50 of 1st period - Shot by Jack Ahcan.
10:50 of 1st period - Shot Blocked by Calle Sjalin.
10:52 of 1st period - Shot by Jack Ahcan.
10:52 of 1st period - Shot Misses the Net.
10:54 of 1st period - Shot by Jake Walman.
10:54 of 1st period - Shot Blocked by Calle Sjalin.
10:56 of 1st period - Shot by Nick Merkley.
10:56 of 1st period - Shot Misses the Net.
10:58 of 1st period - Shot by Nick Merkley.
10:58 of 1st period - Goal by Nick Merkley - Griffins : 1 - Marlies : 1.
10:59 of 1st period - Marc McLaughlin wins face-off versus Cal O'Reilly in neutral zone.
11:01 of 1st period - Tyler Benson is hit by Tim Schaller.
11:06 of 1st period - Josh Wesley is hit by Dylan Coghlan and loses puck.
11:14 of 1st period - Loui Eriksson is hit by Dylan Coghlan and loses puck.
11:20 of 1st period - Minor Penalty to Dylan Coghlan for Hooking.
11:21 of 1st period - Brad Malone wins face-off versus Tyler Benson in Griffins zone.
11:52 of 1st period - Shot by Calvin De Haan.
11:52 of 1st period - Stopped by Justus Annunen without a rebound.
11:53 of 1st period - Marc McLaughlin wins face-off versus Cal O'Reilly in Griffins zone.
12:01 of 1st period - Icing by Tim Schaller.
12:02 of 1st period - Cal O'Reilly wins face-off versus Fillip Zadina in Marlies zone.
12:49 of 1st period - Icing by Tim Schaller.
12:50 of 1st period - Cal O'Reilly wins face-off versus Marc McLaughlin in Marlies zone.
13:21 of 1st period - Shot by Dominik Simon.
13:21 of 1st period - Stopped by Justus Annunen with a rebound.
13:37 of 1st period - Shot by Dylan Coghlan.
13:37 of 1st period - Shot Misses the Net.
13:39 of 1st period - Shot by Alexander Volkov.
13:39 of 1st period - Shot Misses the Net.
14:03 of 1st period - Icing by Yegor Rykov.
14:04 of 1st period - Sasha Chmelevski wins face-off versus Victor Ejdsell in Marlies zone.
14:07 of 1st period - Shot by Otto Koivula.
14:07 of 1st period - Stopped by Erik Kallgren without a rebound.
14:08 of 1st period - Marc McLaughlin wins face-off versus Mathias Brome in Marlies zone.
14:15 of 1st period - Shot by Fillip Zadina.
14:15 of 1st period - Stopped by Erik Kallgren without a rebound.
14:16 of 1st period - Marc McLaughlin wins face-off versus Mitchell Heard in Marlies zone.
14:50 of 1st period - Shot by Tyler Benson.
14:50 of 1st period - Shot Misses the Net.
15:31 of 1st period - Shot by Sasha Chmelevski.
15:31 of 1st period - Shot Misses the Net.
15:43 of 1st period - Shot by Loui Eriksson.
15:43 of 1st period - Stopped by Justus Annunen without a rebound.
15:44 of 1st period - Victor Ejdsell wins face-off versus Adam Brooks in Griffins zone.
15:52 of 1st period - Icing by Parker Wotherspoon.
15:53 of 1st period - Alexander Volkov wins face-off versus Victor Ejdsell in Griffins zone.
16:55 of 1st period - Jack Ahcan is hit by Calvin De Haan and loses puck.
17:14 of 1st period - Shot by Fillip Zadina.
17:14 of 1st period - Stopped by Erik Kallgren without a rebound.
17:15 of 1st period - Sasha Chmelevski wins face-off versus Mitchell Heard in Marlies zone.
17:15 of 1st period - Sasha Chmelevski is hit by Tyler Lewington.
17:41 of 1st period - Sasha Chmelevski is hit by Josh Wesley and loses puck.
18:10 of 1st period - Icing by Jake Dotchin.
18:11 of 1st period - Tim Schaller wins face-off versus Sasha Chmelevski in Griffins zone.
18:11 of 1st period - Loui Eriksson is hit by Jake Dotchin and loses puck.
18:48 of 1st period - Shot by Fillip Zadina.
18:48 of 1st period - Stopped by Erik Kallgren without a rebound.
18:49 of 1st period - Victor Ejdsell wins face-off versus Adam Brooks in Marlies zone.
19:20 of 1st period - Shot by Brad Malone .
19:20 of 1st period - Deflect By Victor Ejdsell.
19:20 of 1st period - Shot Misses the Net.
19:22 of 1st period - Shot by Brad Malone .
19:22 of 1st period - Stopped by Justus Annunen without a rebound.
19:23 of 1st period - Mitchell Heard wins face-off versus Marc McLaughlin in Griffins zone.
19:31 of 1st period - Icing by Marc McLaughlin.
19:32 of 1st period - Marc McLaughlin wins face-off versus Cal O'Reilly in Griffins zone.
19:32 of 1st period - Marc McLaughlin is hit by Loui Eriksson.
19:40 of 1st period - Shot by Fillip Zadina.
19:40 of 1st period - Shot Misses the Net.
19:42 of 1st period - Shot by Marc McLaughlin.
19:42 of 1st period - Deflect By Tyler Benson.
19:42 of 1st period - Goal by Tyler Benson - Griffins : 2 - Marlies : 1.
19:43 of 1st period - Dominik Simon wins face-off versus Nick Merkley in neutral zone.
Goals for this period are 2 for Griffins vs 1 for Marlies.
Shots for this period are 13 for Griffins vs 12 for Marlies.

2nd period


0:01 of 2nd period - Brad Malone wins face-off versus Marc McLaughlin in neutral zone.
0:06 of 2nd period - Shot by Brad Malone .
0:06 of 2nd period - Stopped by Justus Annunen without a rebound.
0:07 of 2nd period - Marc McLaughlin wins face-off versus Brad Malone in Griffins zone.
0:15 of 2nd period - Off-side.
0:16 of 2nd period - Marc McLaughlin wins face-off versus Brad Malone in neutral zone.
0:30 of 2nd period - Brad Malone is hit by Marc McLaughlin and loses puck.
0:54 of 2nd period - Max McCormick is hit by Dylan Coghlan and loses puck.
1:07 of 2nd period - Parker Wotherspoon is hit by Tyler Lewington and loses puck.
1:32 of 2nd period - Shot by Jack Ahcan.
1:32 of 2nd period - Shot Misses the Net.
1:34 of 2nd period - Shot by Jack Ahcan.
1:34 of 2nd period - Stopped by Erik Kallgren without a rebound.
1:35 of 2nd period - Victor Ejdsell wins face-off versus Adam Brooks in Marlies zone.
1:35 of 2nd period - Calle Sjalin is hit by Alexander Volkov and loses puck.
1:54 of 2nd period - Shot by A.J. Greer.
1:54 of 2nd period - Deflect By Adam Brooks.
1:54 of 2nd period - Stopped by Erik Kallgren without a rebound.
1:55 of 2nd period - Mitchell Heard wins face-off versus Sasha Chmelevski in Marlies zone.
1:55 of 2nd period - Mitchell Heard is hit by Otto Koivula.
2:13 of 2nd period - Shot by Jack Ahcan.
2:13 of 2nd period - Shot Misses the Net.
2:15 of 2nd period - Shot by Jake Walman.
2:15 of 2nd period - Deflect By Sasha Chmelevski.
2:15 of 2nd period - Stopped by Erik Kallgren without a rebound.
2:16 of 2nd period - Teddy Blueger wins face-off versus Cal O'Reilly in Marlies zone.
3:19 of 2nd period - Icing by Otto Koivula.
3:20 of 2nd period - Sasha Chmelevski wins face-off versus Brad Malone in Griffins zone.
4:18 of 2nd period - Off-side.
4:19 of 2nd period - Marc McLaughlin wins face-off versus Mitchell Heard in neutral zone.
4:26 of 2nd period - Icing by Yegor Rykov.
4:27 of 2nd period - Mitchell Heard wins face-off versus Marc McLaughlin in Marlies zone.
4:32 of 2nd period - Shot by Max McCormick.
4:32 of 2nd period - Stopped by Justus Annunen with a rebound.
4:34 of 2nd period - Shot by Mathias Brome .
4:34 of 2nd period - Stopped by Justus Annunen with a rebound.
4:36 of 2nd period - Shot by Yegor Rykov.
4:36 of 2nd period - Stopped by Justus Annunen with a rebound.
4:41 of 2nd period - Mitchell Heard is hit by Jake Walman and loses puck.
5:05 of 2nd period - Icing by Jake Walman.
5:06 of 2nd period - Cal O'Reilly wins face-off versus Marc McLaughlin in Griffins zone.
5:06 of 2nd period - Cal O'Reilly is hit by Jack Ahcan.
5:40 of 2nd period - Shot by Tim Schaller.
5:40 of 2nd period - Stopped by Justus Annunen with a rebound.
6:15 of 2nd period - Minor Penalty to Parker Wotherspoon for Slashing.
6:16 of 2nd period - Fillip Zadina wins face-off versus Brad Malone in Griffins zone.
7:05 of 2nd period - Shot by Calvin De Haan.
7:05 of 2nd period - Stopped by Justus Annunen without a rebound.
7:06 of 2nd period - Fillip Zadina wins face-off versus Brad Malone in Griffins zone.
7:56 of 2nd period - Icing by Tyler Lewington.
7:57 of 2nd period - Cal O'Reilly wins face-off versus Fillip Zadina in Marlies zone.
7:57 of 2nd period - Cal O'Reilly is hit by Fillip Zadina.
8:15 of 2nd period - Shot by Cal O'Reilly.
8:15 of 2nd period - Shot Blocked by Jake Dotchin.
8:25 of 2nd period - Shot by A.J. Greer.
8:25 of 2nd period - Deflect By Adam Brooks.
8:25 of 2nd period - Shot Misses the Net.
8:27 of 2nd period - Shot by Adam Brooks.
8:27 of 2nd period - Goal by Adam Brooks - Griffins : 3 - Marlies : 1.
8:28 of 2nd period - Mitchell Heard wins face-off versus Sasha Chmelevski in neutral zone.
8:41 of 2nd period - Shot by Mathias Brome .
8:41 of 2nd period - Shot Misses the Net.
8:44 of 2nd period - Mitchell Heard is hit by Dylan Coghlan and loses puck.
9:10 of 2nd period - Icing by Parker Wotherspoon.
9:11 of 2nd period - Cal O'Reilly wins face-off versus Sasha Chmelevski in Griffins zone.
9:32 of 2nd period - Shot by Adam Brooks.
9:32 of 2nd period - Goal by Adam Brooks - Griffins : 4 - Marlies : 1.
9:32 of 2nd period - Daniel Mannella enters game.
9:33 of 2nd period - Marc McLaughlin wins face-off versus Victor Ejdsell in neutral zone.
9:58 of 2nd period - Shot by Marc McLaughlin.
9:58 of 2nd period - Stopped by Daniel Mannella without a rebound.
9:59 of 2nd period - Cal O'Reilly wins face-off versus Adam Brooks in Marlies zone.
10:22 of 2nd period - Icing by Adam Brooks.
10:23 of 2nd period - Brad Malone wins face-off versus A.J. Greer in Griffins zone.
10:24 of 2nd period - Shot by Josh Wesley.
10:24 of 2nd period - Shot Misses the Net.
10:27 of 2nd period - Icing by Jake Walman.
10:28 of 2nd period - Max McCormick wins face-off versus Adam Brooks in Griffins zone.
10:35 of 2nd period - Shot by Jake Walman.
10:35 of 2nd period - Shot Blocked by Max McCormick.
10:37 of 2nd period - Shot by Jake Walman.
10:37 of 2nd period - Shot Misses the Net.
10:39 of 2nd period - Shot by Alexander Volkov.
10:39 of 2nd period - Stopped by Daniel Mannella without a rebound.
10:40 of 2nd period - Cal O'Reilly wins face-off versus Marc McLaughlin in Marlies zone.
10:55 of 2nd period - Shot by Marc McLaughlin.
10:55 of 2nd period - Shot Misses the Net.
10:57 of 2nd period - Shot by Fillip Zadina.
10:57 of 2nd period - Stopped by Daniel Mannella without a rebound.
10:58 of 2nd period - Brad Malone wins face-off versus Sasha Chmelevski in Marlies zone.
10:58 of 2nd period - Brad Malone is hit by Nick Merkley.
11:04 of 2nd period - Shot by Nick Merkley.
11:04 of 2nd period - Shot Misses the Net.
11:06 of 2nd period - Shot by Jack Ahcan.
11:06 of 2nd period - Stopped by Daniel Mannella without a rebound.
11:07 of 2nd period - Brad Malone wins face-off versus Marc McLaughlin in Marlies zone.
11:07 of 2nd period - Brad Malone is hit by Marc McLaughlin.
11:13 of 2nd period - Shot by Max McCormick.
11:13 of 2nd period - Shot Misses the Net.
11:15 of 2nd period - Shot by Calvin De Haan.
11:15 of 2nd period - Shot Misses the Net.
11:17 of 2nd period - Shot by Ian McCoshen.
11:17 of 2nd period - Shot Misses the Net.
11:22 of 2nd period - Shot by Max McCormick.
11:22 of 2nd period - Shot Blocked by Dylan Coghlan.
11:24 of 2nd period - Shot by Dominik Simon.
11:24 of 2nd period - Shot Misses the Net.
11:26 of 2nd period - Shot by Dominik Simon.
11:26 of 2nd period - Deflect By Max McCormick.
11:26 of 2nd period - Shot Misses the Net.
11:28 of 2nd period - Shot by Max McCormick.
11:28 of 2nd period - Goal by Max McCormick - Griffins : 4 - Marlies : 2.
11:29 of 2nd period - Sasha Chmelevski wins face-off versus Tim Schaller in neutral zone.
11:40 of 2nd period - Shot by Nick Merkley.
11:40 of 2nd period - Stopped by Daniel Mannella without a rebound.
11:41 of 2nd period - Marc McLaughlin wins face-off versus Brad Malone in Marlies zone.
11:41 of 2nd period - Parker Wotherspoon is hit by Ian McCoshen and loses puck.
11:51 of 2nd period - Icing by Max McCormick.
11:52 of 2nd period - Brad Malone wins face-off versus Sasha Chmelevski in Marlies zone.
11:52 of 2nd period - Brad Malone is hit by Otto Koivula.
11:55 of 2nd period - Max McCormick is hit by Otto Koivula and loses puck.
12:14 of 2nd period - Shot by Ian McCoshen.
12:14 of 2nd period - Shot Misses the Net.
12:16 of 2nd period - Shot by Ian McCoshen.
12:16 of 2nd period - Shot Blocked by Jack Ahcan.
12:18 of 2nd period - Shot by Calvin De Haan.
12:18 of 2nd period - Shot Misses the Net.
12:20 of 2nd period - Shot by Calvin De Haan.
12:20 of 2nd period - Stopped by Justus Annunen with a rebound.
12:22 of 2nd period - Shot by Calvin De Haan.
12:22 of 2nd period - Shot Misses the Net.
12:24 of 2nd period - Shot by Max McCormick.
12:24 of 2nd period - Shot Blocked by Otto Koivula.
12:26 of 2nd period - Shot by Max McCormick.
12:26 of 2nd period - Shot Blocked by Jack Ahcan.
12:28 of 2nd period - Shot by Ian McCoshen.
12:28 of 2nd period - Shot Blocked by Nick Merkley.
12:30 of 2nd period - Shot by Calvin De Haan.
12:30 of 2nd period - Goal by Calvin De Haan - Griffins : 4 - Marlies : 3.
12:31 of 2nd period - Marc McLaughlin wins face-off versus Cal O'Reilly in neutral zone.
14:24 of 2nd period - Icing by Jake Dotchin.
14:25 of 2nd period - Mitchell Heard wins face-off versus Adam Brooks in Griffins zone.
14:30 of 2nd period - Shot by Mathias Brome .
14:30 of 2nd period - Deflect By Max McCormick.
14:30 of 2nd period - Stopped by Justus Annunen without a rebound.
14:31 of 2nd period - Sasha Chmelevski wins face-off versus Mitchell Heard in Griffins zone.
14:40 of 2nd period - Shot by Nick Merkley.
14:40 of 2nd period - Stopped by Daniel Mannella without a rebound.
14:41 of 2nd period - Sasha Chmelevski wins face-off versus Cal O'Reilly in Marlies zone.
15:12 of 2nd period - Shot by Cal O'Reilly.
15:12 of 2nd period - Shot Misses the Net.
15:16 of 2nd period - Shot by Cal O'Reilly.
15:16 of 2nd period - Stopped by Justus Annunen with a rebound.
15:18 of 2nd period - Shot by Calvin De Haan.
15:18 of 2nd period - Shot Blocked by Nick Merkley.
15:20 of 2nd period - Shot by Calvin De Haan.
15:20 of 2nd period - Shot Misses the Net.
17:13 of 2nd period - Shot by Tim Schaller.
17:13 of 2nd period - Stopped by Justus Annunen with a rebound.
18:22 of 2nd period - Parker Wotherspoon is hit by Tyler Lewington and loses puck.
18:38 of 2nd period - Icing by Parker Wotherspoon.
18:39 of 2nd period - Marc McLaughlin wins face-off versus Mitchell Heard in Griffins zone.
19:04 of 2nd period - Shot by Jacob Larsson.
19:04 of 2nd period - Stopped by Daniel Mannella without a rebound.
19:05 of 2nd period - Adam Brooks wins face-off versus Victor Ejdsell in Marlies zone.
19:23 of 2nd period - Shot by Adam Brooks.
19:23 of 2nd period - Stopped by Daniel Mannella without a rebound.
19:24 of 2nd period - Teddy Blueger wins face-off versus Cal O'Reilly in Marlies zone.
19:51 of 2nd period - Teddy Blueger is hit by Tyler Lewington and loses puck.
Goals for this period are 2 for Griffins vs 2 for Marlies.
Shots for this period are 13 for Griffins vs 12 for Marlies.

3rd period


0:01 of 3rd period - Brad Malone wins face-off versus Fillip Zadina in neutral zone.
0:30 of 3rd period - Shot by Dominik Simon.
0:30 of 3rd period - Goal by Dominik Simon - Griffins : 4 - Marlies : 4.
0:31 of 3rd period - Cal O'Reilly wins face-off versus Adam Brooks in neutral zone.
0:31 of 3rd period - Tim Schaller is hit by A.J. Greer and loses puck.
0:56 of 3rd period - Shot by Cal O'Reilly.
0:56 of 3rd period - Stopped by Justus Annunen without a rebound.
0:57 of 3rd period - Teddy Blueger wins face-off versus Brad Malone in Griffins zone.
0:57 of 3rd period - Teddy Blueger is hit by Brad Malone .
1:00 of 3rd period - Icing by Shane Gersich.
1:01 of 3rd period - Brad Malone wins face-off versus Teddy Blueger in Griffins zone.
1:14 of 3rd period - Shot by Shane Gersich.
1:14 of 3rd period - Stopped by Daniel Mannella without a rebound.
1:15 of 3rd period - Adam Brooks wins face-off versus Cal O'Reilly in Marlies zone.
2:16 of 3rd period - Shot by Marc McLaughlin.
2:16 of 3rd period - Shot Blocked by Calvin De Haan.
2:31 of 3rd period - Shot by Brad Malone .
2:31 of 3rd period - Stopped by Justus Annunen without a rebound.
2:32 of 3rd period - Sasha Chmelevski wins face-off versus Victor Ejdsell in Griffins zone.
2:34 of 3rd period - Icing by Nick Merkley.
2:35 of 3rd period - Sasha Chmelevski wins face-off versus Mitchell Heard in Griffins zone.
2:35 of 3rd period - Sasha Chmelevski is hit by Mitchell Heard.
2:46 of 3rd period - Yegor Rykov is hit by Otto Koivula and loses puck.
2:55 of 3rd period - Shot by Nick Merkley.
2:55 of 3rd period - Shot Blocked by Mathias Brome .
2:57 of 3rd period - Shot by Jake Walman.
2:57 of 3rd period - Stopped by Daniel Mannella without a rebound.
2:58 of 3rd period - Marc McLaughlin wins face-off versus Victor Ejdsell in Marlies zone.
3:18 of 3rd period - Off-side.
3:19 of 3rd period - Cal O'Reilly wins face-off versus Adam Brooks in neutral zone.
3:28 of 3rd period - Shot by Tim Schaller.
3:28 of 3rd period - Shot Misses the Net.
3:52 of 3rd period - Shot by Adam Brooks.
3:52 of 3rd period - Deflect By A.J. Greer.
3:52 of 3rd period - Stopped by Daniel Mannella with a rebound.
4:20 of 3rd period - Dylan Coghlan is hit by Brad Malone and loses puck.
4:44 of 3rd period - Icing by Calvin De Haan.
4:45 of 3rd period - Brad Malone wins face-off versus Sasha Chmelevski in Marlies zone.
4:51 of 3rd period - Off-side.
4:52 of 3rd period - Sasha Chmelevski wins face-off versus Victor Ejdsell in neutral zone.
5:03 of 3rd period - Shot by Otto Koivula.
5:03 of 3rd period - Stopped by Daniel Mannella without a rebound.
5:04 of 3rd period - Alexander Volkov wins face-off versus Mitchell Heard in Marlies zone.
6:04 of 3rd period - Tim Schaller is hit by Fillip Zadina and loses puck.
6:19 of 3rd period - Shot by Marc McLaughlin.
6:19 of 3rd period - Shot Misses the Net.
6:27 of 3rd period - Shot by Fillip Zadina.
6:27 of 3rd period - Stopped by Daniel Mannella without a rebound.
6:28 of 3rd period - Victor Ejdsell wins face-off versus Sasha Chmelevski in Marlies zone.
6:28 of 3rd period - Victor Ejdsell is hit by Otto Koivula.
6:53 of 3rd period - Minor Penalty to Jake Dotchin for Hooking.
6:54 of 3rd period - Brad Malone wins face-off versus Fillip Zadina in Griffins zone.
6:59 of 3rd period - Shot by Dominik Simon.
6:59 of 3rd period - Stopped by Justus Annunen with a rebound.
7:01 of 3rd period - Shot by Calvin De Haan.
7:01 of 3rd period - Shot Misses the Net.
7:03 of 3rd period - Shot by Brad Malone .
7:03 of 3rd period - Shot Misses the Net.
7:21 of 3rd period - Shot by Dominik Simon.
7:21 of 3rd period - Stopped by Justus Annunen without a rebound.
7:22 of 3rd period - Cal O'Reilly wins face-off versus Fillip Zadina in Griffins zone.
7:50 of 3rd period - Shot by Josh Wesley.
7:50 of 3rd period - Shot Blocked by Dylan Coghlan.
8:59 of 3rd period - Yegor Rykov is hit by Alexander Volkov and loses puck.
9:04 of 3rd period - Shot by Adam Brooks.
9:04 of 3rd period - Stopped by Daniel Mannella with a rebound.
9:06 of 3rd period - Shot by A.J. Greer.
9:06 of 3rd period - Stopped by Daniel Mannella with a rebound.
9:08 of 3rd period - Shot by Adam Brooks.
9:08 of 3rd period - Goal by Adam Brooks - Griffins : 5 - Marlies : 4.
9:09 of 3rd period - Victor Ejdsell wins face-off versus Sasha Chmelevski in neutral zone.
9:59 of 3rd period - Shot by Cal O'Reilly.
9:59 of 3rd period - Goal by Cal O'Reilly - Griffins : 5 - Marlies : 5.
10:00 of 3rd period - Marc McLaughlin wins face-off versus Mitchell Heard in neutral zone.
10:03 of 3rd period - Shot by Marc McLaughlin.
10:03 of 3rd period - Stopped by Daniel Mannella without a rebound.
10:04 of 3rd period - Tyler Benson wins face-off versus Cal O'Reilly in Marlies zone.
10:19 of 3rd period - Shot by Marc McLaughlin.
10:19 of 3rd period - Stopped by Daniel Mannella without a rebound.
10:20 of 3rd period - Mitchell Heard wins face-off versus Adam Brooks in Marlies zone.
10:20 of 3rd period - Mitchell Heard is hit by A.J. Greer.
10:25 of 3rd period - Off-side.
10:26 of 3rd period - Mitchell Heard wins face-off versus Marc McLaughlin in neutral zone.
10:30 of 3rd period - Max McCormick is hit by Dylan Coghlan and loses puck.
10:37 of 3rd period - Shot by Mitchell Heard.
10:37 of 3rd period - Shot Blocked by Marc McLaughlin.
10:39 of 3rd period - Shot by Ian McCoshen.
10:39 of 3rd period - Stopped by Justus Annunen with a rebound.
10:41 of 3rd period - Shot by Max McCormick.
10:41 of 3rd period - Shot Misses the Net.
10:43 of 3rd period - Shot by Mitchell Heard.
10:43 of 3rd period - Shot Misses the Net.
10:45 of 3rd period - Shot by Mathias Brome .
10:45 of 3rd period - Stopped by Justus Annunen without a rebound.
10:46 of 3rd period - Tim Schaller wins face-off versus Nick Merkley in Griffins zone.
10:47 of 3rd period - Shot by Cal O'Reilly.
10:47 of 3rd period - Shot Misses the Net.
11:54 of 3rd period - Shot by Fillip Zadina.
11:54 of 3rd period - Deflect By Tyler Benson.
11:54 of 3rd period - Shot Misses the Net.
12:39 of 3rd period - Shot by Alexander Volkov.
12:39 of 3rd period - Stopped by Daniel Mannella without a rebound.
12:40 of 3rd period - Sasha Chmelevski wins face-off versus Mitchell Heard in Marlies zone.
12:40 of 3rd period - Sasha Chmelevski is hit by Yegor Rykov.
12:52 of 3rd period - Nick Merkley is hit by Yegor Rykov and loses puck.
13:10 of 3rd period - Calle Sjalin is hit by Nick Merkley and loses puck.
13:29 of 3rd period - Mitchell Heard is hit by Alexander Volkov and loses puck.
13:57 of 3rd period - Adam Brooks is hit by Tyler Lewington and loses puck.
14:20 of 3rd period - Shot by Tim Schaller.
14:20 of 3rd period - Stopped by Justus Annunen with a rebound.
14:50 of 3rd period - Shot by Brad Malone .
14:50 of 3rd period - Deflect By Kristian Vesalainen.
14:50 of 3rd period - Stopped by Justus Annunen without a rebound.
14:51 of 3rd period - Marc McLaughlin wins face-off versus Victor Ejdsell in Griffins zone.
16:10 of 3rd period - Loui Eriksson is hit by Jack Ahcan and loses puck.
16:40 of 3rd period - Shot by Max McCormick.
16:40 of 3rd period - Stopped by Justus Annunen with a rebound.
16:42 of 3rd period - Shot by Yegor Rykov.
16:42 of 3rd period - Shot Misses the Net.
17:00 of 3rd period - Shot by Ian McCoshen.
17:00 of 3rd period - Stopped by Justus Annunen with a rebound.
17:02 of 3rd period - Shot by Brad Malone .
17:02 of 3rd period - Shot Blocked by Sasha Chmelevski.
17:04 of 3rd period - Shot by Dominik Simon.
17:04 of 3rd period - Deflect By Tim McGauley.
17:04 of 3rd period - Stopped by Justus Annunen with a rebound.
17:51 of 3rd period - Icing by Dylan Coghlan.
17:52 of 3rd period - Victor Ejdsell wins face-off versus Teddy Blueger in Griffins zone.
18:13 of 3rd period - Shot by Fillip Zadina.
18:13 of 3rd period - Stopped by Daniel Mannella without a rebound.
18:14 of 3rd period - A.J. Greer wins face-off versus Mitchell Heard in Marlies zone.
19:17 of 3rd period - Shot by Tyler Benson.
19:17 of 3rd period - Stopped by Daniel Mannella with a rebound.
19:57 of 3rd period - Icing by Jack Ahcan.
19:58 of 3rd period - Victor Ejdsell wins face-off versus Teddy Blueger in Griffins zone.
Goals for this period are 1 for Griffins vs 2 for Marlies.
Shots for this period are 13 for Griffins vs 13 for Marlies.

Overtime #1


0:01 of 1st overtime period - Teddy Blueger wins face-off versus Dominik Simon in neutral zone.
0:06 of 1st overtime period - Shot by Jake Dotchin.
0:06 of 1st overtime period - Stopped by Daniel Mannella without a rebound.
0:07 of 1st overtime period - Dominik Simon wins face-off versus Teddy Blueger in Marlies zone.
0:22 of 1st overtime period - Shot by Teddy Blueger.
0:22 of 1st overtime period - Shot Misses the Net.
0:25 of 1st overtime period - Icing by Dominik Simon.
0:26 of 1st overtime period - Dominik Simon wins face-off versus Shane Gersich in Marlies zone.
1:18 of 1st overtime period - Shot by Shane Gersich.
1:18 of 1st overtime period - Stopped by Daniel Mannella without a rebound.
1:19 of 1st overtime period - Tim McGauley wins face-off versus Sasha Chmelevski in Marlies zone.
1:30 of 1st overtime period - Shot by Jonathan Dahlen.
1:30 of 1st overtime period - Shot Misses the Net.
2:10 of 1st overtime period - Shot by Tim Schaller.
2:10 of 1st overtime period - Deflect By Skyler McKenzie.
2:10 of 1st overtime period - Shot Misses the Net.
2:16 of 1st overtime period - Shot by Teddy Blueger.
2:16 of 1st overtime period - Shot Misses the Net.
2:28 of 1st overtime period - Shot by Jacob Larsson.
2:28 of 1st overtime period - Stopped by Daniel Mannella with a rebound.
2:30 of 1st overtime period - Shot by Teddy Blueger.
2:30 of 1st overtime period - Goal by Teddy Blueger - Griffins : 6 - Marlies : 5.
Goals for this period are 1 for Griffins vs 0 for Marlies.
Shots for this period are 4 for Griffins vs 0 for Marlies.